 Dungeon Crawl Stone Soup version 0.30.1-11-g7821555f0a (webtiles) character file.

Game seed: 6801897620783270351

109 hawla the Firebug (level 5, -4/39 HPs)
             Began as a Meteoran Fire Elementalist on Jan 3, 2024.
             Slain by an iguana (14 damage)
             ... on level 5 of the Dungeon.
             The game lasted 00:02:35 (706 turns).

hawla the Firebug (Meteoran Fire Elementalist)       Turns: 706, Time: 00:02:35

Health: -4/39      AC:  2    Str:  9    XL:     5   Next: 36%
Magic:  3/11       EV: 13    Int: 18    God:
Gold:   81         SH:  0    Dex: 15    Spells: 8/11 levels left

rFire   . . .        (no weapon)
rCold   . . .        (no shield)
rNeg    . . .        a - +0 robe
rPois   .            (no helmet)
rElec   .            (no cloak)
rCorr   .            (no gloves)
SInv    .            (no boots)
Will    .....        (no amulet)
Stlth   +            (no ring)
HPRegen 0.26/turn    (no ring)
MPRegen 0.12/turn

%: no passive effects
@: glowing
A: sense surroundings 1, otherworldly, glowing, explore regen
a: no special abilities


You were on level 5 of the Dungeon.
You visited 1 branch of the dungeon, and saw 5 of its levels.

You collected 81 gold pieces.

Inventory:

Armour
 a - a +0 robe (worn)
Scrolls
 c - a scroll of torment {unknown}
 d - a scroll of noise {unknown}
 e - a scroll of identify {unknown}
 f - a scroll of enchant weapon {unknown}
 g - a scroll of amnesia {unknown}
 h - a scroll of fear {unknown}
Potions
 b - a potion of curing {unknown}


   Skills:
 + Level 0.4 Fighting
 + Level 3.1 Dodging
 + Level 1.4 Stealth
 + Level 0.1 Unarmed Combat
 + Level 3.8 Spellcasting
 + Level 1.9 Conjurations
 + Level 5.1 Fire Magic


You had 8 spell levels left.
You knew the following spells:

 Your Spells              Type           Power      Damage    Failure   Level
a - Foxfire               Conj/Fire      64%        2x1d7     3%          1
b - Scorch                Fire           44%        2d6       2%          2

Your spell library contained the following spells:

 Spells                   Type           Power      Damage    Failure   Level
 Inner Flame              Hex/Fire       12%        N/A       16%         3
 Volatile Blastmotes      Fire/Tloc      24%        2d12      16%         3
 Hailstorm                Conj/Ice       6%         3d4       30%         3
 Flame Wave               Conj/Fire      16%        2d7       34%         4
 Ice Form                 Ice/Tmut       3%         N/A       83%         4
 Simulacrum               Ice/Necr       1%         N/A       100%        6


Dungeon Overview and Level Annotations

Branches:
Dungeon (5/15) Zot: 2294
 Temple: D:4-7

Altars:


Innate Abilities, Weirdness & Mutations

You passively map a small area around you.
You are easily found by Zot.
You glow in the dark.
You regain HP and MP as you explore.


Message History

Confirm with . or Enter, or press ? or * to list all spells.
You conjure some foxfire!
The iguana hisses angrily.
The foxfire hits the iguana.
The iguana is lightly wounded.
The foxfire hits the iguana.
The iguana is moderately wounded.
Casting: Foxfire (safe; 3% risk of failure)
Confirm with . or Enter, or press ? or * to list all spells.
You conjure some foxfire!
The iguana bites you.
The foxfire hits the iguana but does no damage.
The iguana is moderately wounded.
The foxfire hits the iguana but does no damage.
The iguana is moderately wounded.
The iguana bites you but does no damage.
Casting: Foxfire (safe; 3% risk of failure)
Confirm with . or Enter, or press ? or * to list all spells.
You conjure some foxfire!
The iguana bites you!
The foxfire hits the iguana.
The iguana is moderately wounded.
The foxfire hits the iguana but does no damage.
The iguana is moderately wounded.
The iguana bites you!
Casting: Foxfire (safe; 3% risk of failure)
Confirm with . or Enter, or press ? or * to list all spells.
Flames lash the iguana.
The iguana is severely wounded.
The iguana's fire resistance burns away.
The iguana bites you!
* * * LOW HITPOINT WARNING * * *
Casting: Scorch (safe; 2% risk of failure)
Confirm with . or Enter, or press ? or * to list all spells.
Flames lash the iguana.
The iguana is burned terribly!
The iguana is almost dead.
The iguana barely misses you.
Casting: Scorch (safe; 2% risk of failure)
Confirm with . or Enter, or press ? or * to list all spells.
Flames lash the iguana but do no damage.
The iguana bites you!
You die...

* , * ### , ..#
,, , *##+####.# *
........# ,
.($.....#,# * *
,........#.#####*
.......@l...... ,
, ........#.#####
......... # ,
.......... ,
..........# ,
..........# * _ ,
........#.#
.......##.# * * ,
*


You could see an iguana (combustible).

Vanquished Creatures
  A phantom (D:4)
  2 ufetubi (D:4)
  A worm (D:2)
  An endoplasm (D:2)
  2 giant cockroaches (D:2)
  A goblin (D:1)
  2 hobgoblins
  3 kobolds
  A quokka (D:1)
  4 ball pythons (D:1)
  A bat (D:1)
  A frilled lizard (D:2)
  2 rats (D:2)
22 creatures vanquished.

Vanquished Creatures (collateral kills)
  A foxfire (D:1)
1 creature vanquished.

Vanquished Creatures (others)
  51 foxfires
51 creatures vanquished.

Grand Total: 74 creatures vanquished

Notes
Turn   | Place    | Note
-------+----------+-------------------------------------------
     0 | D:1      | hawla the Meteoran Fire Elementalist began the quest for
                  | the Orb.
     0 | D:1      | Reached XP level 1. HP: 14/14 MP: 5/5
    40 | D:1      | Found a faded altar of an unknown god.
    65 | D:1      | Reached XP level 2. HP: 19/20 MP: 0/6
    84 | D:1      | Reached skill level 4 in Fire Magic
   167 | D:2      | Reached XP level 3. HP: 26/26 MP: 2/8
   170 | D:2      | Learned a level 2 spell: Scorch
   518 | D:4      | Noticed a phantom
   523 | D:4      | Killed a phantom
   524 | D:4      | Reached skill level 5 in Fire Magic
   524 | D:4      | Reached XP level 4. HP: 34/34 MP: 3/10
   524 | D:4      | Reached XP level 5. HP: 39/39 MP: 3/11
   697 | D:5      | Entered Level 5 of the Dungeon
   706 | D:5      | Slain by an iguana

Illustrated notes

Levels and vault maps discovered:
D:1:      roderic_crop_circles_arrival_small, layout_loops_ring,
          nicolae_ecumenical_snake_handling, st_stairs_7
D:2:      layout_basic, basic_altar, minmay_statues_item, uniq_natasha,
          uniq_sigmund
D:3:      layout_basic, mainiacjoe_overflow_brackets
D:4:      layout_basic, uniq_menkaure
D:5:      layout_basic, minitemple

Skill      XL: |  1  2  3 |
---------------+----------+-----
Fire Magic     | 4 5 |  5.1
Spellcasting   | 3 |  3.8
Dodging        | 3 |  3.1
Fighting       | |  0.4
Stealth        | |  1.4
Unarmed Combat | |  0.1
Conjurations   | |  1.9

Action                     |  1- 3 |  4- 6 || total
---------------------------+-------+-------++-------
  Melee: Unarmed           |    22 |       ||    22
   Cast: Foxfire           |    28 |     3 ||    31
         Scorch            |     5 |     3 ||     8
    Use: Potion            |     1 |       ||     1
 Armour: Robe              |    12 |     1 ||    13
  Dodge: Dodged            |    16 |     1 ||    17
